[Event "2025 Mary Thomson Cup (Division A)"]
[Site "Woodvale, Perth WA AUS"]
[Date "2025.02.05"]
[Round "2"]
[White "Maris, Rob"]
[Black "Rafiei Darani, Daryoush"]
[Result "0-1"]
[ECO "E68"]
[WhiteElo "2082"]
[BlackElo "1897"]
[PlyCount "72"]
[EventDate "2025.01.22"]
[EventType "swiss"]
[EventRounds "5"]
[EventCountry "AUS"]
[TimeControl "3600+30"]

1. c4 Nf6 2. Nc3 g6 3. g3 Bg7 4. Bg2 O-O 5. Nf3 d6 6. d4 Nbd7 7. O-O e5 8. e4
Ng4 9. b3 exd4 10. Nxd4 Nc5 11. f4 Ne6 12. Nde2 c6 13. h3 Qb6+ 14. Kh1 Nf2+ 15.
Rxf2 Qxf2 16. Bd2 Nd4 17. Rc1 Nf3 18. Be1 Nxe1 19. Qxe1 Qe3 20. Nd1 Qb6 21.
Nec3 f5 22. Ne3 fxe4 23. Nxe4 Re8 24. c5 dxc5 25. Nc4 Qd8 26. Ncd6 Re6 27. Rd1
Bd4 28. Bf1 Rxd6 29. Nxd6 Qxd6 30. Qe8+ Qf8 31. Bc4+ Kg7 32. Re1 Bf6 33. Qe2
Bd7 34. Rd1 Bd4 35. b4 Re8 36. Qg2 Bf5 0-1

[Event "2025 Mary Thomson Cup (Division A)"]
[Site "Woodvale, Perth WA AUS"]
[Date "2025.02.05"]
[Round "2"]
[White "Wolstencroft, Alan"]
[Black "Clarke, Daniel"]
[Result "1/2-1/2"]
[ECO "C77"]
[WhiteElo "1843"]
[BlackElo "1920"]
[PlyCount "45"]
[EventDate "2025.01.22"]
[EventType "swiss"]
[EventRounds "5"]
[EventCountry "AUS"]
[TimeControl "3600+30"]

1. e4 e5 2. Nf3 Nc6 3. Bb5 a6 4. Ba4 Nf6 5. d3 b5 6. Bb3 Bc5 7. c3 Bb6 8. O-O
h6 9. h3 d6 10. Nbd2 Na5 11. Bc2 c5 12. Re1 O-O 13. Nf1 Nc6 14. Ng3 Ne7 15. d4
cxd4 16. cxd4 Qc7 17. Be3 Ng6 18. Rc1 Qb7 19. Bb1 Be6 20. d5 Bd7 {(=)} 21. Qd2
Bxe3 22. Rxe3 Rfc8 23. Rec3 1/2-1/2

[Event "2025 Mary Thomson Cup (Division A)"]
[Site "Woodvale, Perth WA AUS"]
[Date "2025.02.05"]
[Round "2"]
[White "Taylor, Leon"]
[Black "Curthoys, Ned"]
[Result "1-0"]
[ECO "B15"]
[WhiteElo "2086"]
[BlackElo "1848"]
[PlyCount "46"]
[EventDate "2025.01.22"]
[EventType "swiss"]
[EventRounds "5"]
[EventCountry "AUS"]
[TimeControl "3600+30"]

1. e4 c6 2. d4 d5 3. Nd2 dxe4 4. Nxe4 Nf6 5. Nxf6+ exf6 6. c3 Bd6 7. Bd3 O-O 8.
Ne2 Qc7 9. Qc2 h6 10. Be3 c5 11. O-O-O Re8 12. Qd2 Bf8 13. d5 Nd7 14. f4 c4 15.
Bb1 Nc5 16. d6 Bxd6 17. Qxd6 Qxd6 18. Rxd6 Bg4 19. Bxc5 Rxe2 20. Rhd1 g6 21. h3
Be6 22. R6d2 Rxd2 23. Rxd2 Rc8 1-0

[Event "2025 Mary Thomson Cup (Division A)"]
[Site "Woodvale, Perth WA AUS"]
[Date "2025.02.05"]
[Round "2"]
[White "Janceski, Alex"]
[Black "Shaw, Robin"]
[Result "1/2-1/2"]
[ECO "A82"]
[WhiteElo "1850"]
[BlackElo "1705"]
[PlyCount "48"]
[EventDate "2025.01.22"]
[EventType "swiss"]
[EventRounds "5"]
[EventCountry "AUS"]
[TimeControl "3600+30"]

1. d4 f5 2. e4 d6 3. Nc3 Nf6 4. Bg5 fxe4 5. Bxf6 exf6 6. Nxe4 d5 7. Ng3 Bb4+ 8.
c3 Qe7+ 9. Be2 Bd6 10. Qd3 Bf4 11. Nf3 O-O 12. O-O Re8 13. Rfe1 Bxg3 14. hxg3
Bd7 15. Bd1 Qf7 16. Bc2 g6 17. Rxe8+ Qxe8 18. Re1 Qf7 19. Nh4 Nc6 20. f4 Re8
21. Rxe8+ Qxe8 22. Bb3 Ne7 23. c4 c6 24. a4 Kg7 1/2-1/2

[Event "2025 Mary Thomson Cup (Division B)"]
[Site "Woodvale, Perth WA AUS"]
[Date "2025.02.05"]
[Round "2"]
[White "Roebuck, Derek"]
[Black "Gough, Dylan"]
[Result "1/2-1/2"]
[ECO "A43"]
[WhiteElo "1786"]
[BlackElo "1764"]
[PlyCount "41"]
[EventDate "2025.01.22"]
[EventType "tourn"]
[EventRounds "5"]
[EventCountry "AUS"]
[TimeControl "3600+30"]

1. e4 c5 2. d4 e6 3. d5 exd5 4. exd5 Qe7+ 5. Be2 Nf6 6. Nf3 g6 7. O-O Bg7 8.
Re1 O-O 9. Nc3 d6 10. h3 Qd8 11. Bf4 a6 12. a4 Re8 13. Nd2 Nh5 14. Bh2 Be5 15.
Bxh5 Bxh2+ 16. Kxh2 Rxe1 17. Qxe1 gxh5 18. Qe2 Bf5 19. Re1 Nd7 20. Nc4 Nf6 21.
Qe3 1/2-1/2

[Event "2025 Mary Thomson Cup (Division B)"]
[Site "Woodvale, Perth WA AUS"]
[Date "2025.02.05"]
[Round "2"]
[White "Leonhardt, Wolfgang"]
[Black "Verma, Abhinav"]
[Result "0-1"]
[ECO "D03"]
[WhiteElo "1727"]
[BlackElo "1771"]
[PlyCount "36"]
[EventDate "2025.01.22"]
[EventType "tourn"]
[EventRounds "5"]
[EventCountry "AUS"]
[TimeControl "3600+30"]

1. d4 Nf6 2. Bg5 d5 3. Nf3 h6 4. Bh4 Bf5 5. e3 c6 6. Be2 Qb6 7. Qc1 Nbd7 8. Nc3
a5 9. a4 e6 10. Bxf6 Nxf6 11. Ne5 Bd6 12. Nd3 Qc7 13. f4 O-O 14. O-O b6 15. Ne5
Ne4 16. g4 Bh7 17. Na2 c5 18. Nf3 f6 {Scoresheet unclear} 0-1

[Event "2025 Mary Thomson Cup (Division B)"]
[Site "Woodvale, Perth WA AUS"]
[Date "2025.02.05"]
[Round "2"]
[White "Bhatia, Abhay"]
[Black "Oswald, Franz"]
[Result "0-1"]
[ECO "B47"]
[WhiteElo "1701"]
[BlackElo "1682"]
[PlyCount "77"]
[EventDate "2025.01.22"]
[EventType "tourn"]
[EventRounds "5"]
[EventCountry "AUS"]
[TimeControl "3600+30"]

1. e4 c5 2. Nf3 e6 3. d4 cxd4 4. Nxd4 Nc6 5. Be2 a6 6. a3 Qc7 7. Nc3 Nf6 8.
Nxc6 bxc6 9. Bg5 Be7 10. O-O h6 11. Be3 d5 12. exd5 cxd5 13. Bf3 Bb7 14. Ne2
Bd6 15. g3 O-O 16. Rc1 e5 17. c3 Rab8 18. Bg2 Bc6 19. b4 Rfd8 20. Qc2 Ng4 21.
Qf5 Bd7 22. Qc2 Be6 23. a4 Nxe3 24. fxe3 Rbc8 25. Rfd1 Bxb4 26. Qb2 Bc5 27. Kh1
Bxe3 28. Rb1 Rb8 29. Qc2 Rxb1 30. Qxb1 Qc4 31. Qd3 Qxd3 32. Rxd3 Bc5 33. Nc1
Be7 34. Bf1 Bg5 35. Nb3 d4 36. Nc5 Bf5 37. cxd4 Bxd3 38. Bxd3 Rxd4 39. Bc2 0-1

[Event "2025 Mary Thomson Cup (Division C)"]
[Site "Woodvale, Perth WA AUS"]
[Date "2025.02.05"]
[Round "2"]
[White "Hapugala, Amila"]
[Black "Hagendoorn, Mark"]
[Result "1-0"]
[ECO "A85"]
[WhiteElo "1528"]
[BlackElo "1542"]
[PlyCount "101"]
[EventDate "2025.01.22"]
[EventType "tourn"]
[EventRounds "5"]
[EventCountry "AUS"]
[TimeControl "3600+30"]

1. d4 f5 2. Nf3 d6 3. c4 g6 4. Nc3 Nf6 5. Bg5 Bg7 6. Qc1 c6 7. Bh6 O-O 8. Bxg7
Kxg7 9. e3 Qe8 10. d5 e5 11. dxe6 Bxe6 12. Ng5 Bg8 13. Be2 h6 14. Nf3 Na6 15.
O-O Nc5 16. Rd1 Rd8 17. b4 Nce4 18. h3 Qe7 19. Qb2 Kh7 20. a4 f4 21. Qc1 Nxc3
22. Qxc3 Ne4 23. Qc1 Qf6 24. Bd3 d5 25. Qc2 Rde8 26. Re1 fxe3 27. fxe3 Nd6 28.
c5 Nc4 29. e4 dxe4 30. Bxe4 Ne5 31. Rad1 Nxf3+ 32. Bxf3 Rxe1+ 33. Rxe1 Qd4+ 34.
Kh1 Qxb4 35. Rb1 Qf4 36. Rxb7+ Rf7 37. Rxf7+ Bxf7 38. Bxc6 Qf1+ 39. Kh2 Qf4+
40. g3 Qf5 41. Qxf5 gxf5 42. Bd7 Kg6 43. c6 Bc4 44. c7 Ba6 45. c8=Q Bxc8 46.
Bxc8 Kg5 47. Kg2 h5 48. Kf3 a5 49. h4+ Kf6 50. Kf4 Ke7 51. Bxf5 1-0

[Event "2025 Mary Thomson Cup (Division C)"]
[Site "Woodvale, Perth WA AUS"]
[Date "2025.02.05"]
[Round "2"]
[White "Nauom, Rafik"]
[Black "Pass, Tony"]
[Result "1-0"]
[ECO "B11"]
[WhiteElo "1564"]
[BlackElo "1440"]
[PlyCount "111"]
[EventDate "2025.01.22"]
[EventType "tourn"]
[EventRounds "5"]
[EventCountry "AUS"]
[TimeControl "3600+30"]

1. e4 c6 2. Nc3 d5 3. Nf3 dxe4 4. Nxe4 Nf6 5. Ng3 h5 6. h4 Bg4 7. Bc4 e6 8. d3
Nbd7 9. Bg5 Qc7 10. Qe2 Bd6 11. Nf1 Ne5 12. Ne3 Nxf3+ 13. gxf3 Bxf3 14. Qxf3
Be7 15. Bf4 Bd6 16. Bxd6 Qxd6 17. a3 O-O-O 18. Qg3 g6 19. Qxd6 Rxd6 20. Rh3 Ng4
21. O-O-O Nxf2 22. Rf3 Nxd1 23. Kxd1 f5 24. c3 b5 25. Bb3 Rxd3+ 26. Ke2 Rd6 27.
Nc2 c5 28. c4 bxc4 29. Bxc4 Rhd8 30. Rc3 Kc7 31. b4 cxb4 32. Nxb4 Kd7 33. Bb5+
Ke7 34. Nc6+ Rxc6 35. Rxc6 Rd4 36. Rc7+ Kf6 37. Rxa7 Rxh4 38. a4 Rh2+ 39. Kf1
Ra2 40. a5 Rb2 41. Bc6 f4 42. a6 Rc2 43. Rc7 Ra2 44. a7 h4 45. a8=Q Rxa8 46.
Bxa8 Kf5 47. Bf3 e5 48. Rc4 g5 49. Rc8 g4 50. Rf8+ Kg5 51. Rg8+ Kf6 52. Bxg4 e4
53. Kf2 Ke5 54. Rd8 f3 55. Bxf3 exf3 56. Kxf3 1-0

[Event "2025 Mary Thomson Cup (Division C)"]
[Site "Woodvale, Perth WA AUS"]
[Date "2025.02.05"]
[Round "2"]
[White "Ross, Leo"]
[Black "Weijermars, Tristan"]
[Result "1-0"]
[ECO "C02"]
[WhiteElo "1462"]
[BlackElo "1615"]
[PlyCount "43"]
[EventDate "2025.01.22"]
[EventType "tourn"]
[EventRounds "5"]
[EventCountry "AUS"]
[TimeControl "3600+30"]

1. e4 c5 2. Nf3 Nc6 3. c3 e6 4. d4 cxd4 5. cxd4 d5 6. e5 Bb4+ 7. Nc3 Nge7 8.
Bd3 Bd7 9. O-O Qb6 10. Bc2 Na5 11. Na4 Bxa4 12. Bxa4+ Nac6 13. a3 Ba5 14. b4
Bxb4 15. axb4 Qxb4 16. Ba3 Qb6 17. Rb1 Qc7 18. Qd3 a6 19. Bd6 Qd7 20. Qa3 O-O
21. Bxc6 Nxc6 22. Bxf8 1-0

[Event "2025 Mary Thomson Cup (Division D)"]
[Site "Woodvale, Perth WA AUS"]
[Date "2025.02.05"]
[Round "2"]
[White "Gough, Sebastian"]
[Black "Brooke, John"]
[Result "0-1"]
[ECO "D02"]
[WhiteElo "1360"]
[BlackElo "1356"]
[PlyCount "63"]
[EventDate "2025.01.22"]
[EventType "tourn"]
[EventRounds "5"]
[EventCountry "AUS"]
[TimeControl "3600+30"]

{Played with colours reversed} 1. d4 d5 2. c4 Nf6 3. Nc3 Bf5 4. Bf4 e6 5. e3
c6 6. Nf3 Bb4 7. cxd5 Nxd5 8. Qb3 a5 9. a3 Bxc3+ 10. bxc3 b5 11. Bg3 O-O 12. a4
b4 13. cxb4 axb4 14. Bxb8 Qxb8 15. a5 Qc7 16. a6 Qb6 17. Ne5 Rfd8 18. Nc4 Qc7
19. Ne5 Ra7 20. Qa4 Rd6 21. Rc1 Ne7 22. Bb5 Be4 23. Bd3 Bxd3 24. Nxd3 b3 25.
Rb1 Rd5 26. Rxb3 h6 27. Nc5 e5 28. Rb7 Rxb7 29. axb7 Qb6 30. Qa8+ Kh7 31. O-O
Rd8 32. Qa5 0-1

[Event "2025 Mary Thomson Cup (Division D)"]
[Site "Woodvale, Perth WA AUS"]
[Date "2025.02.05"]
[Round "2"]
[White "Boswarva, Ernest"]
[Black "Williams, Joshua"]
[Result "0-1"]
[ECO "D07"]
[WhiteElo "1433"]
[BlackElo "1416"]
[PlyCount "51"]
[EventDate "2025.01.22"]
[EventType "tourn"]
[EventRounds "5"]
[EventCountry "AUS"]
[TimeControl "3600+30"]

1. d4 d5 2. e3 Nc6 3. Nf3 Bg4 4. c4 e6 5. Qb3 b6 6. cxd5 Qxd5 7. Bc4 Bb4+ 8.
Bd2 Bxd2+ 9. Nbxd2 Qd6 10. Bb5 Bxf3 11. Nxf3 Nge7 12. Ne5 O-O 13. Nxc6 Nxc6 14.
Qc3 Ne7 15. O-O Nd5 16. Qc6 Rfc8 17. Rfc1 Nb4 18. Qd7 a6 19. Qxd6 cxd6 20. Bd7
Rxc1+ 21. Rxc1 Nxa2 22. Rc6 d5 23. Rxb6 g6 24. Kf1 a5 25. Ke2 Ra7 26. Kd2 0-1

[Event "2025 Mary Thomson Cup (Division E)"]
[Site "Woodvale, Perth WA AUS"]
[Date "2025.02.05"]
[Round "2"]
[White "Powell, Darren"]
[Black "Owen, Geoffrey"]
[Result "1-0"]
[ECO "B00"]
[WhiteElo "1250"]
[BlackElo "1187"]
[PlyCount "91"]
[EventDate "2025.01.22"]
[EventType "tourn"]
[EventRounds "5"]
[EventCountry "AUS"]
[TimeControl "3600+30"]

1. e4 d5 2. e5 Nc6 3. d4 Bf5 4. a3 e6 5. Nc3 a6 6. Be3 f6 7. Nf3 Bg4 8. Be2
fxe5 9. Nxe5 Bxe2 10. Nxe2 Nxe5 11. dxe5 Ne7 12. Nd4 Qd7 13. Qg4 Nf5 14. Nxf5
exf5 15. Qf4 O-O-O 16. Qd4 c5 17. Qf4 d4 18. Rd1 Qd5 19. Qxf5+ Kb8 20. O-O g6
21. Qf6 Rg8 22. Bf4 Bg7 23. e6+ Ka7 24. Qe7 Rde8 25. Qc7 Qxe6 26. Qxc5+ Ka8 27.
c3 Rc8 28. Qa5 dxc3 29. bxc3 Bxc3 30. Qa4 Rc4 31. Qb3 Qe4 32. Rd7 b5 33. Be3
Re8 34. Rfd1 Bd2 35. Bxd2 Qe2 36. Qf3+ Qxf3 37. gxf3 Rc2 38. Be3 Rf8 39. Kg2 h5
40. Ra7+ Kb8 41. Rxa6 Re8 42. Bf4+ Kb7 43. Rxg6 Kc8 44. Rb6 Rg8+ 45. Kf1 Rg7
46. Rb8# 1-0

[Event "2025 Mary Thomson Cup (Division E)"]
[Site "Woodvale, Perth WA AUS"]
[Date "2025.02.05"]
[Round "2"]
[White "Porteus, Grant"]
[Black "Lanham, Bruce"]
[Result "1-0"]
[ECO "B20"]
[WhiteElo "1349"]
[BlackElo "1262"]
[PlyCount "79"]
[EventDate "2025.01.22"]
[EventType "tourn"]
[EventRounds "5"]
[EventCountry "AUS"]
[TimeControl "3600+30"]

1. e4 c5 2. Nc3 a6 3. a4 e6 4. Bc4 Nf6 5. e5 Ng8 6. d3 Ne7 7. Bg5 Qc7 8. f4
Nbc6 9. Nf3 Nf5 10. Qe2 h6 11. Bh4 Be7 12. Bxe7 Nfxe7 13. Ne4 Nd4 14. Nxd4 cxd4
15. Nd6+ Kf8 16. O-O b6 17. Qh5 g6 18. Qf3 Ra7 19. Qf2 Nf5 20. Nxf5 exf5 21.
Qxd4 Qc5 22. Qf2 Qxf2+ 23. Rxf2 a5 24. d4 Rc7 25. b3 Bb7 26. d5 Rc5 27. Rd1 Kg7
28. e6 d6 29. Re2 Kf6 30. Bb5 Bxd5 31. e7 Rxb5 32. axb5 Be6 33. Rxd6 Re8 34.
Rxb6 Rxe7 35. Ra6 Rc7 36. b6 Rb7 37. c4 Rb8 38. Ra2 Rd8 39. R6xa5 Rd3 40. Rb5
1-0

[Event "2025 Mary Thomson Cup (Division E)"]
[Site "Woodvale, Perth WA AUS"]
[Date "2025.02.05"]
[Round "2"]
[White "Frankland, David"]
[Black "Yao, Ryan"]
[Result "0-1"]
[ECO "C20"]
[WhiteElo "1222"]
[BlackElo "1226"]
[PlyCount "68"]
[EventDate "2025.01.22"]
[EventType "tourn"]
[EventRounds "5"]
[EventCountry "AUS"]
[TimeControl "3600+30"]

1. e4 e5 2. d3 Nc6 3. c3 d5 4. f3 Nf6 5. b3 Be7 6. g4 dxe4 7. dxe4 Nd7 8. Bb5
Bh4+ 9. Ke2 Ne7 10. Ba3 c6 11. Bd3 Qb6 12. Qd2 Ng6 13. Nh3 Nf4+ 14. Nxf4 Qf2+
15. Kd1 Qxf3+ 16. Ne2 Qxh1+ 17. Kc2 Qxh2 18. Bd6 Be7 19. Bxe7 Kxe7 20. Na3 Qh6
21. Qe1 Nf6 22. Qg3 Nxg4 23. Nc4 Qg5 24. Rf1 b5 25. Rxf7+ Kxf7 26. Nd6+ Ke6 27.
Nxc8 Ne3+ 28. Kb2 Qxg3 29. Nxg3 Raxc8 30. Be2 Rhf8 31. Ka3 a5 32. b4 a4 33. Nh5
Rf5 34. Nxg7+ Kf7 0-1

[Event "2025 Mary Thomson Cup (Division F)"]
[Site "Woodvale, Perth WA AUS"]
[Date "2025.02.05"]
[Round "2"]
[White "Rennie, Mike"]
[Black "Young, Manfred"]
[Result "0-1"]
[ECO "C44"]
[WhiteElo "886"]
[BlackElo "1118"]
[PlyCount "98"]
[EventDate "2025.01.22"]
[EventType "tourn"]
[EventRounds "5"]
[EventCountry "AUS"]
[TimeControl "3600+30"]

1. e4 d6 2. d3 Nc6 3. Nf3 e5 4. Be2 Be7 5. Nc3 Be6 6. O-O Nf6 7. Be3 Ng4 8. h3
Nxe3 9. fxe3 O-O 10. Qe1 f5 11. g3 f4 12. g4 fxe3 13. Nd1 Nd4 14. Nxe3 Nxf3+
15. Bxf3 Bh4 16. Qe2 Rf4 17. Ng2 Qg5 18. c4 Raf8 19. Nxf4 Qxf4 20. Bg2 Qg5 21.
Rxf8+ Kxf8 22. Rf1+ Kg8 23. Qf3 Qe7 24. a3 Bg5 25. b3 Bf4 26. d4 c6 27. a4 Qg5
28. d5 Bd7 29. dxc6 Bxc6 30. Rd1 Be3+ 31. Kh1 Bd4 32. Rf1 Qe7 33. b4 Bxa4 34.
c5 dxc5 35. Qa3 b5 36. Qd3 c4 37. Qd2 Bb3 38. Qe2 Qxb4 39. Qf3 Qe7 40. Qf5 g6
41. Qc8+ Kg7 42. Qa6 b4 43. Bf3 c3 44. Bd1 c2 45. Bxc2 Bxc2 46. Rc1 Bxe4+ 47.
Kh2 Qg5 48. Rf1 b3 49. Re1 Qf4# 0-1

[Event "2025 Mary Thomson Cup (Division F)"]
[Site "Woodvale, Perth WA AUS"]
[Date "2025.02.05"]
[Round "2"]
[White "Markou, Victor"]
[Black "Overste, Brian"]
[Result "0-1"]
[ECO "C41"]
[WhiteElo "983"]
[BlackElo "1061"]
[PlyCount "44"]
[EventDate "2025.01.22"]
[EventType "tourn"]
[EventRounds "5"]
[EventCountry "AUS"]
[TimeControl "3600+30"]

1. e4 e5 2. Nf3 d6 3. d3 Be7 4. g3 Bg4 5. Bg2 Nc6 6. O-O h5 7. Nc3 h4 8. Nd5 h3
9. Bh1 Nf6 10. Nxf6+ Bxf6 11. Qd2 Rh6 12. Qe1 Rg6 13. Nd2 Nd4 14. c3 Nc2 15.
Qe3 Nxe3 16. fxe3 Be2 17. Rf2 Bxd3 18. Nb3 Bh4 19. Nd2 Bxg3 20. Rf3 Bh4+ 21.
Bg2 Rxg2+ 22. Kh1 Qg5 0-1

[Event "2025 Mary Thomson Cup (Division A)"]
[Site "Woodvale, Perth WA AUS"]
[Date "2025.02.12"]
[Round "3"]
[White "Rahmani, Noor"]
[Black "Elkington, Derek"]
[Result "0-1"]
[ECO "B50"]
[WhiteElo "2156"]
[BlackElo "1874"]
[PlyCount "116"]
[EventDate "2025.01.22"]
[EventType "swiss"]
[EventRounds "5"]
[EventCountry "AUS"]
[TimeControl "3600+30"]

1. e4 c5 2. Nf3 d6 3. Bc4 Nc6 4. a3 Nf6 5. d3 a6 6. h3 b5 7. Ba2 e6 8. Nc3 Be7
9. Be3 Qc7 10. Rc1 O-O 11. O-O Rd8 12. Bg5 Bb7 13. Re1 Ne5 14. Nxe5 dxe5 15.
Qe2 h6 16. Bd2 Rd7 17. Red1 Rad8 18. Be1 Qd6 19. Rd2 Bc6 20. Nd1 g6 21. Ne3 Nh5
22. Qg4 Nf4 23. Kh2 Kh7 24. g3 f5 25. Qf3 Nh5 26. Rcd1 Rf8 27. Qe2 f4 28. Ng4
f3 29. Qf1 Bg5 30. Ne3 Nxg3 31. Qg1 Ne2 32. Rxe2 fxe2 33. Rd2 Bf4+ 34. Kg2 Bxe3
35. Rxe2 Bg5 36. f3 Rdf7 37. h4 Bd8 38. Re3 Rf4 39. Qh2 Qd4 40. Bf2 Qxb2 41.
Bxe6 Qxc2 42. h5 Bh4 43. hxg6+ Kg7 44. Kf1 Bxf2 45. Qxf2 Qxf2+ 46. Kxf2 Kxg6
47. Bf5+ Kg7 48. Kg3 Rf7 49. Bg4 Bd7 50. Bh5 R7f6 51. Re2 Rc6 52. Rc2 c4 53. d4
Kf6 54. dxe5+ Kxe5 55. Rd2 Be6 56. Bg4 c3 57. Rc2 Bb3 58. Rc1 c2 0-1

[Event "2025 Mary Thomson Cup (Division A)"]
[Site "Woodvale, Perth WA AUS"]
[Date "2025.02.12"]
[Round "3"]
[White "Gibson, Jacob"]
[Black "Saxon, Marc"]
[Result "1/2-1/2"]
[ECO "B07"]
[WhiteElo "1999"]
[BlackElo "2057"]
[PlyCount "157"]
[EventDate "2025.01.22"]
[EventType "swiss"]
[EventRounds "5"]
[EventCountry "AUS"]
[TimeControl "3600+30"]

1. e4 d6 2. d4 Nf6 3. Nc3 Nbd7 4. f4 e5 5. fxe5 dxe5 6. dxe5 Nxe5 7. Qxd8+ Kxd8
8. Bg5 Be7 9. O-O-O+ Bd7 10. Nf3 Nfg4 11. Bxe7+ Kxe7 12. Nd5+ Kd8 13. Rd2 c6
14. h3 Nxf3 15. gxf3 Ne5 16. f4 Nf3 17. Rf2 cxd5 18. Rxf3 dxe4 19. Rb3 Kc7 20.
Bc4 Bc6 21. f5 Rhf8 22. Kd1 Rad8+ 23. Ke2 Rd4 24. Rc3 Kd6 25. Ke3 Ke5 26. b4
Bd7 27. Bb3 Rc8 28. Rxc8 Bxc8 29. Rg1 Bxf5 30. Rxg7 Rd7 31. h4 Kf6 32. Rg8 Rc7
33. Rd8 Rc3+ 34. Kd2 Rh3 35. Rd6+ Kg7 36. Rd5 Be6 37. Rb5 Bxb3 38. axb3 b6 39.
c4 Rxb3 40. Kc2 Rh3 41. c5 Rxh4 42. cxb6 axb6 43. Rxb6 Rh2+ 44. Kc3 e3 45. b5
Rd2 46. Rb8 Rd5 47. b6 Rb5 48. b7 Kf6 49. Kd3 Rb3+ 50. Ke2 Kf5 51. Rh8 Rxb7 52.
Rxh7 Re7 53. Rh5+ Kg4 54. Rh7 Kg5 55. Rg7+ Kf6 56. Rh7 Kf5 57. Rh5+ Ke4 58.
Rh4+ Kd5 59. Rh7 Kd4 60. Rg7 Rb7 61. Rg4+ Ke5 62. Kxe3 Rb3+ 63. Kf2 f5 64. Ra4
Rb2+ 65. Kf1 f4 66. Ra5+ Ke4 67. Ra3 Rb1+ 68. Kf2 Rh1 69. Ra4+ Kf5 70. Kg2 Re1
71. Kf2 Re3 72. Rb4 Ra3 73. Rb8 Ra2+ 74. Kf3 Ra3+ 75. Kf2 Ra4 76. Kf3 Ke5 77.
Rb5+ Ke6 78. Rh5 Kf6 79. Rb5 1/2-1/2

[Event "2025 Mary Thomson Cup (Division A)"]
[Site "Woodvale, Perth WA AUS"]
[Date "2025.02.12"]
[Round "3"]
[White "Fokaite, Gabriele"]
[Black "Rafiei Darani, Daryoush"]
[Result "1/2-1/2"]
[ECO "B12"]
[WhiteElo "1990"]
[BlackElo "1897"]
[PlyCount "57"]
[EventDate "2025.01.22"]
[EventType "swiss"]
[EventRounds "5"]
[EventCountry "AUS"]
[TimeControl "3600+30"]

1. e4 c6 2. d4 d5 3. e5 Bf5 4. Nf3 e6 5. c3 Nd7 6. Be2 h6 7. O-O Ne7 8. b3 g5
9. Ba3 Ng6 10. Bxf8 Ndxf8 11. Nbd2 Nf4 12. c4 N8g6 13. cxd5 exd5 14. Rc1 Qd7
15. Ne1 Ne6 16. Nd3 Nxd4 17. Nc5 Nxe2+ 18. Qxe2 Qe7 19. Rfe1 Nf4 20. Qf3 Bg6
21. Rc3 Bh5 22. g4 Bg6 23. Qe3 b6 24. e6 O-O 25. Nd7 d4 26. Qxd4 Nxe6 27. Nf6+
Kh8 28. Qe5 Qd8 29. Nc4 1/2-1/2

[Event "2025 Mary Thomson Cup (Division A)"]
[Site "Woodvale, Perth WA AUS"]
[Date "2025.02.12"]
[Round "3"]
[White "Wolstencroft, Alan"]
[Black "Taylor, Leon"]
[Result "0-1"]
[ECO "B01"]
[WhiteElo "1843"]
[BlackElo "2086"]
[PlyCount "68"]
[EventDate "2025.01.22"]
[EventType "swiss"]
[EventRounds "5"]
[EventCountry "AUS"]
[TimeControl "3600+30"]

1. e4 d5 2. exd5 Qxd5 3. Nc3 Qd6 4. d4 Nf6 5. Nf3 c6 6. Be3 Bg4 7. Be2 e6 8.
Qd2 Qc7 9. O-O-O Bb4 10. Qd3 Bf5 11. Qc4 a5 12. a3 Bxc3 13. Qxc3 Nd5 14. Qd2 b5
15. Nh4 Be4 16. Bf3 Bxf3 17. Nxf3 Nd7 18. Ne5 N7b6 19. b3 b4 20. a4 O-O 21. Nd3
Nc3 22. Bf4 Qd8 23. Nc5 Nxd1 24. Rxd1 Nd5 25. Bg5 Qc7 26. h4 Rae8 27. Re1 h6
28. Be3 f5 29. g3 e5 30. Bxh6 gxh6 31. Qxh6 Rf6 32. Qd2 e4 33. Qg5+ Qg7 34. Qh5
Qh6+ 0-1

[Event "2025 Mary Thomson Cup (Division A)"]
[Site "Woodvale, Perth WA AUS"]
[Date "2025.02.12"]
[Round "3"]
[White "Curtis, Calan"]
[Black "O'Shaughnessy, Dave"]
[Result "1/2-1/2"]
[ECO "D02"]
[WhiteElo "1632"]
[BlackElo "1965"]
[PlyCount "75"]
[EventDate "2025.01.22"]
[EventType "swiss"]
[EventRounds "5"]
[EventCountry "AUS"]
[TimeControl "3600+30"]

1. d4 d5 2. Nc3 Nf6 3. Bf4 Bf5 4. e3 e6 5. Nf3 a6 6. Ne5 c5 7. g4 Bg6 8. h4 h6
9. Nxg6 fxg6 10. Bd3 Kf7 11. Qf3 c4 12. Be2 Bb4 13. Be5 Nc6 14. O-O Bxc3 15.
bxc3 g5 16. h5 Ke7 17. Rab1 Ra7 18. e4 Nxe5 19. dxe5 Nxe4 20. Qe3 Qb8 21. Kg2
Rc8 22. f4 gxf4 23. Rxf4 Rf8 24. Rxf8 Kxf8 25. Rf1+ Ke7 26. Qf4 Ng5 27. Qe3 b6
28. Rb1 Rb7 29. Bf3 Qa7 30. Qc1 Ke8 31. Qa3 b5 32. Rf1 Rf7 33. Qd6 Rd7 34. Qc6
Qb7 35. Qc5 Qa7 36. Qc6 Qb7 37. Qc5 Qa7 38. Qc6 1/2-1/2

[Event "2025 Mary Thomson Cup (Division A)"]
[Site "Woodvale, Perth WA AUS"]
[Date "2025.02.12"]
[Round "3"]
[White "Shaw, Robin"]
[Black "Maggs, Derwent"]
[Result "1/2-1/2"]
[ECO "B21"]
[WhiteElo "1705"]
[BlackElo "2299"]
[PlyCount "38"]
[EventDate "2025.01.22"]
[EventType "swiss"]
[EventRounds "5"]
[EventCountry "AUS"]
[TimeControl "3600+30"]

1. e4 c5 2. Nf3 d6 3. d4 cxd4 4. c3 Nf6 5. e5 dxe5 6. Nxe5 Qa5 7. Nc4 Qc7 8.
cxd4 Bg4 9. f3 Be6 10. Nba3 a6 11. Bd2 Nc6 12. Rc1 Rc8 13. Ne5 Qd6 14. Bc3 Nd5
15. Nac4 Qd8 16. Nxc6 Rxc6 17. Ne5 Rd6 18. Nc4 Rc6 19. Ne5 Rd6 1/2-1/2

[Event "2025 Mary Thomson Cup (Division A)"]
[Site "Woodvale, Perth WA AUS"]
[Date "2025.02.12"]
[Round "3"]
[White "Curthoys, Ned"]
[Black "Janceski, Alex"]
[Result "1/2-1/2"]
[ECO "D78"]
[WhiteElo "1848"]
[BlackElo "1850"]
[PlyCount "56"]
[EventDate "2025.01.22"]
[EventType "swiss"]
[EventRounds "5"]
[EventCountry "AUS"]
[TimeControl "3600+30"]

1. d4 d5 2. Nf3 g6 3. g3 Bg7 4. Bg2 c6 5. O-O Nf6 6. Nbd2 O-O 7. c4 b6 8. b3 e6
9. Ba3 Re8 10. Rc1 Bb7 11. Ne5 Nbd7 12. cxd5 cxd5 13. Nc6 Bxc6 14. Rxc6 Rc8 15.
Qc2 Nb8 16. Rxc8 Qxc8 17. Qd3 Qd7 18. Rc1 Rc8 19. Rc2 Rc6 20. e3 Qc7 21. Rxc6
Qxc6 22. Bf1 a6 23. Qb1 b5 24. Bc5 Nbd7 25. b4 Nb6 26. Bxb6 Qxb6 27. Qc2 Bf8
28. Qc3 Ne8 1/2-1/2

[Event "2025 Mary Thomson Cup (Division B)"]
[Site "Woodvale, Perth WA AUS"]
[Date "2025.02.12"]
[Round "3"]
[White "Oswald, Franz"]
[Black "Roebuck, Derek"]
[Result "1/2-1/2"]
[ECO "D06"]
[WhiteElo "1682"]
[BlackElo "1786"]
[PlyCount "44"]
[EventDate "2025.01.22"]
[EventType "tourn"]
[EventRounds "5"]
[EventCountry "AUS"]
[TimeControl "3600+30"]

1. d4 d5 2. c4 Bf5 3. Nc3 e6 4. cxd5 exd5 5. Qb3 Nc6 6. e3 Nb4 7. e4 dxe4 8.
Be3 Nf6 9. h3 Be7 10. a3 Nd3+ 11. Bxd3 exd3 12. Nf3 O-O 13. O-O Bd6 14. Rfd1
Qd7 15. Nb5 Rfe8 16. Nxd6 Qxd6 17. Ne5 Rxe5 18. dxe5 Qxe5 19. Rxd3 Bxd3 20.
Qxd3 Re8 21. Qb3 b6 22. Rd1 c5 1/2-1/2